 Dungeon Crawl Stone Soup version 0.24.0-123-gd5b16e6ec5 (webtiles) character file.

Game seed: 8890140576640377577, levelgen mode: deterministic

25 Mesmaeker13 the Grave Robber (level 3, -1/26 HPs)
             Began as a Ghoul Necromancer on Jan 18, 2020.
             Slain by a goblin (6 damage)
             ... led by Robin
             ... on level 1 of the Dungeon.
             The game lasted 00:01:37 (931 turns).

Mesmaeker13 the Grave Robber (Ghoul Necromancer)     Turns: 931, Time: 00:01:38

Health: -1/26      AC:  2    Str: 12    XL:     3   Next: 4%
Magic:  1/5        EV: 11    Int: 10    God:
Gold:   63         SH:  2    Dex:  9    Spells: 5/6 levels left

rFire    . . .     SeeInvis .   b - +0 whip
rCold    + . .     Gourm    .   i - +0 buckler
rNeg     + + +     Faith    .   a - +0 robe
rPois    ∞         Spirit   .   (no helmet)
rElec    .         Reflect  .   (no cloak)
rCorr    .         Harm     .   (no gloves)
MR       .....                  (no boots)
Stlth    ++........             (no amulet)
HPRegen  0.00/turn              (no ring)
MPRegen  0.09/turn              (no ring)

@: very slightly contaminated, rotting
A: rotting body, claws 1, carnivore, cold resistance 1, negative energy
resistance 3, inhibited regeneration, torment resistance, unbreathing
a: no special abilities


You were on level 1 of the Dungeon.
You were not hungry.

You visited 1 branch of the dungeon, and saw 2 of its levels.

You collected 63 gold pieces.

Inventory:

Hand Weapons
 b - a +0 whip (weapon)
 g - a +2 dagger of holy wrath
Armour
 a - a +0 robe (worn)
 i - a +0 buckler (worn)
Scrolls
 e - a scroll of remove curse {unknown}
 h - a scroll of blinking {unknown}
Potions
 f - a potion of curing {unknown}
 j - a potion of degeneration {unknown}
Comestibles
 c - 4 rations


   Skills:
 + Level 2.2 Dodging
 - Level 2.1 Stealth
 + Level 2.2 Spellcasting
 + Level 4.3 Necromancy


You had 5 spell levels left.
You knew the following spells:

 Your Spells              Type           Power        Failure   Level  Hunger
a - Pain                  Necr           #...         9%          1    ##.....

Your spell library contained the following spells:

 Spells                   Type           Power        Failure   Level  Hunger
 Animate Skeleton         Necr           N/A          9%          1    ##.....
 Vampiric Draining        Necr           #.........   26%         3    ####...
 Regeneration             Chrm/Necr      #.........   54%         3    ####...
 Animate Dead             Necr           N/A          65%         4    #####..


Dungeon Overview and Level Annotations

Branches:
Dungeon (2/15)

Altars:

Annotations:
D:2 Robin, Sigmund


Innate Abilities, Weirdness & Mutations

Your body is rotting away.
You thrive on raw meat.
You are immune to poison.
You have sharp fingernails.
You are carnivorous and can eat meat at any time.
Your flesh is cold resistant. (rC+)
You are immune to negative energy. (rN+++)
You do not regenerate when monsters are visible.
You are immune to unholy pain and torment.
You can survive without breathing.


Message History

You don't have enough magic to cast that spell.
Casting: Pain (safe; 9% risk of failure)
Confirm with . or Enter, or press ? or * to list all spells.
You don't have enough magic to cast that spell.
You closely miss the goblin. Robin throws the goblin at you!
The goblin closely misses you. The goblin hits you with a +0 club.
You hit the goblin but do no damage. The goblin hits you.
The goblin hits you with a +0 club.
You completely miss the goblin.
The goblin no longer looks unusually strong.
You block the goblin's attack. x2; The goblin hits you.
The goblin hits you.
* * * LOW HITPOINT WARNING * * *
The goblin hits you with a +0 club.
* * * LOW HITPOINT WARNING * * *
You climb upwards.
Reactivating autopickup.
There is a stone staircase leading down here.
The goblin hits you.
You die...

#..#.# #......#.##
##.#.# #......#... #...#
#......#### ##..#
#.........# #..#
#.........#
##.########'#....#
########'##....).......#
#.........#.####.......#
#......@g.#.# #.......#
#.......>g..# #....#'##
############# #....#.#
#.)....# ########


You could see 2 goblins.

Vanquished Creatures
  An ooze (D:1)
  6 goblins
  3 hobgoblins (D:1)
  3 kobolds (D:1)
  4 bats (D:1)
  A frilled lizard (D:1)
  A rat (D:1)
19 creatures vanquished.

Vanquished Creatures (others)
  4 toadstools (D:1)
4 creatures vanquished.

Grand Total: 23 creatures vanquished

Notes
Turn   | Place    | Note
-------+----------+-------------------------------------------
     0 | D:1      | Mesmaeker13 the Ghoul Necromancer began the quest for the
                  | Orb.
     0 | D:1      | Reached XP level 1. HP: 14/14 MP: 2/2
   248 | D:1      | Reached XP level 2. HP: 9/19 MP: 0/4
   916 | D:2      | Noticed Robin
   921 | D:2      | Noticed Sigmund
   924 | D:2      | Reached XP level 3. HP: 25/26 MP: 0/5
   931 | D:1      | Slain by a goblin

Levels and vault maps discovered:
D:1:      ldierk_walled_garden_2, layout_basic, minmay_tetromino_t2
D:2:      layout_rooms, chequers_temple_overflow_statue_of_worship,
          uniq_sigmund, uniq_robin

Skill      XL: |  1 |
---------------+----+-----
Dodging        | 2 |  2.2
Spellcasting   | 2 |  2.2
Stealth        | |  2.1
Necromancy     | |  4.3

Action                   || total
-------------------------++-------
Melee: Whip              ||    45
       Unarmed           ||     3
 Cast: Pain              ||    23
  Eat: Chunk             ||     6
Armor: Robe              ||    12
Dodge: Dodged            ||    57
Block: Buckler           ||     4
